 Dungeon Crawl Stone Soup version 0.29-a0-559-g359e09b9d1 (webtiles) character file.

Game seed: 13607214884091728962

16995 Bruhh the Transmogrifier (level 12, -5/116 HPs)
             Began as a Naga Transmuter on June 10, 2022.
             Was the Champion of Jiyva.
             Slain by a seven-headed hydra (9 damage)
             ... on level 3 of the Lair of Beasts.
             The game lasted 00:18:43 (11632 turns).

Bruhh the Transmogrifier (Naga Transmuter)         Turns: 11632, Time: 00:18:43

Health: -5/116     AC:  6    Str: 14    XL:     12   Next: 43%
Magic:  31/31      EV: 19    Int: 17    God:    Jiyva [******]
Gold:   505        SH:  0    Dex: 21    Spells: 14/25 levels left

rFire   . . .      SeeInvis +     - Unarmed
rCold   . . .      Faith    .   (shield currently unavailable)
rNeg    + . .      Spirit   .   (body armour currently unavailable)
rPois   x          Reflect  .   (helmet currently unavailable)
rElec   .          Harm     .   (cloak currently unavailable)
rCorr   +          Rampage  .   (gloves currently unavailable)
Will    +....                   (no barding)
Stlth   ++........              b - amulet of regeneration
HPRegen 2.69/turn               k - ring of magical power
MPRegen 0.72/turn               O - ring "Zerhas" {rN+ AC+4 Dex+4}

@: about to teleport, spider-form
A: venomous fangs, AC +4, tiny, see invisible, (deformed body), (poison
resistance), (slowness 2), spit poison 2, (naga tail 1), (stinger 2), sense
surroundings 3, (gelatinous body 2)
a: Breathe Poison Gas, End Transformation, Renounce Religion, Oozemancy, Slimify


You were on level 3 of the Lair of Beasts.
You worshipped Jiyva.
Jiyva was exalted by your worship.
You were a venomous arachnid creature.
You visited 3 branches of the dungeon, and saw 14 of its levels.
You also visited: Sewer.

You collected 505 gold pieces.

Inventory:

Missiles
 h - 21 poisoned darts
 i - 3 throwing nets
Armour
 a - a +0 robe
 c - a +0 leather armour (melded)
 r - a +0 kite shield
 t - a +0 cloak (melded)
 u - a +2 barding of cold resistance (melded)
 v - a +0 helmet (melded)
Jewellery
 b - an amulet of regeneration (around neck)
 k - a ring of magical power (left front leg)
 p - a ring of fire
 x - an amulet of magic regeneration
 O - the ring "Zerhas" (right front leg) {rN+ AC+4 Dex+4}
   (You acquired it on level 2 of the Lair of Beasts)

   [ring of protection]

   AC:        It affects your AC (+4).
   Dex:       It affects your dexterity (+4).
   rN:        It protects you from negative energy.
Wands
 j - a wand of digging (6)
 w - a wand of iceblast (5)
 A - a wand of flame (17)
 C - a wand of paralysis (8)
Scrolls
 d - 4 scrolls of noise
 g - 4 scrolls of enchant weapon
 n - a scroll of torment {unknown}
 q - a scroll of fog {unknown}
 y - 5 scrolls of identify
 z - a scroll of immolation {unknown}
 D - a scroll of silence {unknown}
 E - a scroll of summoning {unknown}
 F - 3 scrolls of magic mapping
 H - a scroll of teleportation
 I - a scroll of blinking
 J - a scroll of poison
Potions
 e - a potion of degeneration {unknown}
 f - 2 potions of attraction {unknown}
 l - 4 potions of flight
 m - 2 potions of haste {unknown}
 o - a potion of resistance {unknown}
 s - a potion of brilliance
 B - 2 potions of mutation {unknown}
 G - 3 potions of might {unknown}
 L - a potion of invisibility {unknown}
 N - a potion of lignification
Miscellaneous
 K - a phantom mirror


   Skills:
 - Level 10.0 Fighting
 - Level 1.5 Dodging
 - Level 10.0 Unarmed Combat
 - Level 7.2 Spellcasting
 - Level 5.0 Conjurations
 + Level 11.9 Transmutations


You had 14 spell levels left.
You knew the following spells:

 Your Spells              Type           Power      Damage    Failure   Level
a - Beastly Appendage     Tmut           92%        N/A       1%          1
b - Spider Form           Tmut/Pois      26%        N/A       11%         3
c - Blade Hands           Tmut           23%        N/A       9%          5
d - Wereblood             Tmut           46%        N/A       1%          2

Your spell library contained the following spells:

 Spells                   Type           Power      Damage    Failure   Level
 Passwall                 Tmut/Erth      21%        N/A       7%          2
 Ice Form                 Ice/Tmut       26%        N/A       24%         4
 Petrify                  Tmut/Erth      26%        N/A       24%         4
 Irradiate                Conj/Tmut      17%        3d19      24%         5
 Apportation              Tloc           12%        N/A       28%         1
 Necrotize                Necr           24%        1d5       28%         1
 Sandblast                Erth           12%        2d6       28%         1
 Summon Small Mammal      Summ           24%        N/A       28%         1
 Stone Arrow              Conj/Erth      28%        3d8       28%         3
 Yara's Violent Unravell  Hex/Tmut       13%        3d7       47%         5
 Confusing Touch          Hex            6%         N/A       56%         3
 Frozen Ramparts          Ice            12%        1d3       56%         3
 Iskenderun's Battlesphe  Conj           23%        2d8       61%         5
 Dragon Form              Tmut           23%        N/A       77%         7
 Animate Dead             Necr           6%         N/A       89%         4
 Leda's Liquefaction      Hex/Erth       3%         N/A       89%         4
 Borgnjor's Vile Clutch   Necr/Erth      3%         N/A       99%         5
 Death Channel            Necr           3%         N/A       100%        6
 Iron Shot                Conj/Erth      7%         9d2       100%        6
 Enfeeble                 Hex            3%         N/A       100%        7
 Spellforged Servitor     Conj/Summ      7%         N/A       100%        7


Dungeon Overview and Level Annotations

Branches:
Dungeon (10/15)            Temple (1/1) D:4            Lair (3/6) D:10
  Snake (0/4) Lair:2          Orc (0/2) D:9           Sewer (visited)
  Swamp: Lair:2-4    Shoals: Lair:2-4

Altars:
Ashenzari
Cheibriados
Dithmenos
Elyvilon
Gozag
Hepliaklqana
Kikubaaqudgha
Makhleb
Nemelex Xobeh
Okawaru
Ru
Sif Muna
Trog
Uskayaw
Vehumet
Xom
Zin
Jiyva

Shops:
D:5 (   D:6 *   D:7 !

Annotations:
D:2 1 runed translucent door, Crazy Yiuf
Lair:2 2 transporters, Bruhh's ghost, journeyman OgEE


Innate Abilities, Weirdness & Mutations

You are a venomous arachnid creature.
You have poisonous fangs.
You are tiny and dextrous.
Your spellcasting is less reliable in this form.
Your armour is entirely melded.
You are incapable of wielding weapons or throwing items.
((Your serpentine skin is tough. (AC +4)))
You have supernaturally acute eyesight. (SInv)
((Armour fits poorly on your strangely shaped body.))
((Your system is resistant to poisons. (rPois)))
((You cover ground very slowly.))
You can exhale a cloud of poison.
((You have a snake-like lower body.))
((Your tail ends in a sharp venomous barb.))
You passively map a large area around you.
((Your pliable body absorbs attacks. (AC +2, EV +2)))


Message History

The seven-headed hydra bites you. The seven-headed hydra bites you!
You maul the seven-headed hydra!!
The seven-headed hydra is moderately wounded.
Unknown command.
As you read the scroll of teleportation, it crumbles to dust.
You feel strangely unstable.
The blink frog blinks!
The seven-headed hydra closely misses you.
The seven-headed hydra bites you but does no damage.
The seven-headed hydra bites you!
* * * LOW HITPOINT WARNING * * *
The seven-headed hydra bites you.
* * * LOW HITPOINT WARNING * * *
The seven-headed hydra closely misses you.
The seven-headed hydra misses you.
The seven-headed hydra barely misses you.
The blink frog blinks!
The seven-headed hydra attacks as you move away!
The seven-headed hydra completely misses you.
The seven-headed hydra bites you.
* * * LOW HITPOINT WARNING * * *
The seven-headed hydra bites you!
* * * LOW HITPOINT WARNING * * *
The seven-headed hydra bites you.
* * * LOW HITPOINT WARNING * * *
The seven-headed hydra misses you. The seven-headed hydra bites you.
* * * LOW HITPOINT WARNING * * *
The seven-headed hydra misses you.
Unknown command.
Okay, then.
You feel better. The seven-headed hydra bites you!
* * * LOW HITPOINT WARNING * * *
The seven-headed hydra barely misses you.
The seven-headed hydra bites you.
* * * LOW HITPOINT WARNING * * *
The seven-headed hydra bites you but does no damage.
The seven-headed hydra bites you.
* * * LOW HITPOINT WARNING * * *
The seven-headed hydra completely misses you.
The seven-headed hydra bites you!
You die...

#.............##
#.....##.P....P#
#############..#
## *,,, ##.##
#.? , ### #.P#
#).. ###.###.##
#...#....#..#
#.#†....#.## *,
#.FFDs.+.# **
#..≈##..#)### *
#..#*#†††...# *
, * #..*
#..#.### , *
#P.. #..#.# , ,
##. *#≈..#.# ,
#. .......P* ,
......#.#* ** ,
.......#.#


You could see a seven-headed hydra and 2 blink frogs.

Vanquished Creatures
  A boulder beetle (D:10)
  A hydra (Lair:3)
  6 death yaks (Lair:3)
  Amaemon (D:9)
  Pikel (D:8)
  An orange demon (D:9)
  2 black mambas
  2 unseen horrors (D:10)
  4 cane toads
  3 komodo dragons
  A troll (D:10)
  A polar bear (Lair:2)
  4 shadows
  5 yaks (D:9)
  Grum (D:9)
  2 steam dragons
  Menkaure (D:5)
  A two-headed ogre zombie (D:9)
  8 water moccasins
  An orc warrior (D:7)
  A sky beast (D:7)
  A black bear (Lair:2)
  2 ogres
  3 centaurs
  14 wolves
  A lemure (D:8)
  3 phantoms
  7 bullfrogs
  5 kobold brigands
  4 gnoll sergeants
  4 necrophages
  2 scorpions
  10 wights
  3 troll zombies (D:9)
  4 killer bees (D:9)
  A howler monkey (D:6)
  A hound (D:6)
  2 orc priests (D:9)
  A gnoll shaman (D:6)
  Ijyb (D:4)
  5 iguanas
  4 orc wizards
  4 ogre zombies (D:9)
  7 adders
  2 river rats (Sewer)
  17 gnolls
  A white imp (D:6)
  4 worms
  7 dart slugs
  17 orcs
  7 endoplasms
  6 giant cockroaches
  13 goblins
  11 hobgoblins
  2 jackals
  3 quokkas
  10 ball pythons
  10 bats
  4 frilled lizards
  2 goblin skeletons (D:9)
  A goblin zombie (D:9)
  2 hobgoblin skeletons (D:9)
  3 hobgoblin zombies (D:9)
  16 kobolds
  3 orc skeletons (D:9)
  13 orc zombies (D:9)
  11 rats
302 creatures vanquished.

Vanquished Creatures (others)
  A blink frog (Lair:3)
  A black bear (D:8)
  An ice beast (D:5)
  2 wolves (Lair:2)
  3 kobold brigands (Sewer)
  A wight (D:8)
  20 jellies
  2 gnolls (D:7)
  3 adders (Sewer)
  A shadow imp (D:7)
  A white imp (D:8)
  An ufetubus (D:7)
  An orc (D:5)
  2 kobolds
  A quokka (D:5)
  3 training dummies (D:5)
  A frilled lizard (Sewer)
  An orc zombie (D:9)
  A rat (Sewer)
  29 fungi
  154 plants
230 creatures vanquished.

Grand Total: 532 creatures vanquished

Notes
Turn   | Place    | Note
-------+----------+-------------------------------------------
     0 | D:1      | Bruhh the Naga Transmuter began the quest for the Orb.
     0 | D:1      | Reached XP level 1. HP: 18/18 MP: 3/3
   254 | D:1      | Reached XP level 2. HP: 25/25 MP: 3/5
   281 | D:1      | Found a faded altar of an unknown god.
   942 | D:1      | Reached XP level 3. HP: 19/31 MP: 4/6
  2111 | D:2      | Reached XP level 4. HP: 36/39 MP: 5/7
  2731 | D:2      | Found a runed translucent door.
  2732 | D:2      | Noticed Crazy Yiuf
  2838 | D:3      | Noticed an ogre
  2979 | D:3      | Killed an ogre
  2980 | D:3      | Reached skill level 3 in Transmutations
  2980 | D:3      | Reached XP level 5. HP: 46/46 MP: 9/9
  3209 | D:3      | Found a shimmering altar of Xom.
  3639 | D:3      | Found a sacrificial altar of Ru.
  3653 | D:3      | Reached XP level 6. HP: 56/56 MP: 11/11
  3874 | D:3      | Found a glowing silver altar of Zin.
  4059 | D:3      | Found a shimmering blue altar of Sif Muna.
  4074 | D:3      | Got the Incunabulum of Frigorific Stones
  4289 | D:4      | Found a staircase to the Ecumenical Temple.
  4388 | D:4      | Learned a level 3 spell: Spider Form
  4501 | D:4      | Noticed Ijyb
  4515 | D:4      | Killed Ijyb
  4516 | D:4      | Reached XP level 7. HP: 47/63 MP: 12/12
  4957 | Temple   | Entered the Ecumenical Temple
  4973 | Temple   | Became a worshipper of Jiyva Juskusel the Shapeless
  5019 | D:5      | Entered Level 5 of the Dungeon
  5030 | D:5      | Reached skill level 5 in Unarmed Combat
  5123 | D:5      | Found a glowing drain.
  5140 | Sewer    | Entered a sewer
  5226 | Sewer    | Reached * piety under Jiyva
  5718 | D:5      | Noticed Menkaure
  5728 | D:5      | Killed Menkaure
  5729 | D:5      | Reached skill level 5 in Fighting
  5729 | D:5      | Reached XP level 8. HP: 33/74 MP: 15/15
  5796 | D:5      | Reached skill level 5 in Spellcasting
  5861 | D:5      | Found Xepsuuz's Firing Range.
  6296 | D:5      | Found a shadowy altar of Dithmenos.
  6361 | D:6      | Reached ** piety under Jiyva
  6385 | D:6      | Found Kece's Elemental Accessories.
  6567 | D:6      | Found a faded altar of an unknown god.
  6567 | D:6      | Found a faded altar of an unknown god.
  6569 | D:6      | Found a faded altar of an unknown god.
  6569 | D:6      | Found a hazy altar of Hepliaklqana.
  6698 | D:6      | Reached XP level 9. HP: 68/85 MP: 16/16
  6917 | D:7      | Found a broken altar of Ashenzari.
  6942 | D:7      | Found a bloodstained altar of Trog.
  7074 | D:7      | Reached *** piety under Jiyva
  7203 | D:7      | Found a sparkling altar of Nemelex Xobeh.
  7248 | D:7      | Identified a scroll of acquirement
  7261 | D:7      | Acquired a +2 barding of cold resistance
  7384 | D:7      | Gained mutation: Your tail ends in a venomous barb.
                  | [Jiyva's grace]
  7384 | D:7      | Gained mutation: Your tail ends in a sharp venomous barb.
                  | [Jiyva's grace]
  7384 | D:7      | Gained mutation: Your tail ends in a wickedly sharp and
                  | venomous barb. [Jiyva's grace]
  7384 | D:7      | Gained mutation: You are partially covered in iridescent
                  | scales. (AC +2) [Jiyva's grace]
  7440 | D:7      | Reached skill level 4 in Transmutations
  7488 | D:7      | Found Tileypaw's Distillery.
  7737 | D:8      | Found a radiant altar of Vehumet.
  7897 | D:8      | Reached **** piety under Jiyva
  8097 | D:8      | Noticed Pikel
  8106 | D:8      | Killed Pikel
  8314 | D:9      | Found a staircase to the Orcish Mines.
  8420 | D:9      | Reached XP level 10. HP: 92/98 MP: 17/17
  8445 | D:9      | Reached skill level 5 in Transmutations
  8720 | D:9      | Noticed Grum
  8730 | D:9      | Killed Grum
  8828 | D:9      | Reached skill level 10 in Unarmed Combat
  8865 | D:9      | Noticed an orange demon
  8885 | D:9      | Killed an orange demon
  8886 | D:9      | Reached skill level 10 in Fighting
  8886 | D:9      | Reached skill level 6 in Transmutations
  8906 | D:9      | Noticed Amaemon
  8923 | D:9      | Killed Amaemon
  8924 | D:9      | Reached skill level 7 in Transmutations
  9044 | D:9      | Reached XP level 11. HP: 104/108 MP: 18/18
  9344 | D:9      | Reached skill level 8 in Transmutations
  9360 | D:9      | Learned a level 5 spell: Blade Hands
  9425 | D:10     | Entered Level 10 of the Dungeon
  9477 | D:10     | Noticed a boulder beetle
  9488 | D:10     | Killed a boulder beetle
  9720 | D:10     | Found a staircase to the Lair.
  9752 | D:10     | Found a white marble altar of Elyvilon.
  9797 | D:10     | Reached ***** piety under Jiyva
  9797 | D:10     | Lost mutation: You are partially covered in iridescent
                  | scales. (AC +2) [Jiyva's grace]
  9797 | D:10     | Gained mutation: Your rubbery body absorbs attacks. (AC +1,
                  | EV +1) [Jiyva's grace]
  9797 | D:10     | Gained mutation: Your pliable body absorbs attacks. (AC +2,
                  | EV +2) [Jiyva's grace]
  9797 | D:10     | Gained mutation: Your gelatinous body deflects attacks. (AC
                  | +3, EV +3) [Jiyva's grace]
  9797 | D:10     | Gained mutation: Your translucent skin slightly reduces
                  | your foes' accuracy. (Stealth+) [Jiyva's grace]
 10044 | Lair:1   | Entered Level 1 of the Lair of Beasts
 10082 | Lair:1   | Found a radiant altar of Vehumet.
 10173 | Lair:1   | Reached skill level 1 in Conjurations
 10350 | Lair:1   | Learned a level 2 spell: Wereblood
 10834 | Lair:2   | Reached skill level 9 in Transmutations
 10853 | Lair:2   | Acquired the ring "Zerhas" {rN+ AC+4 Dex+4}
 10863 | Lair:2   | Found a staircase to the Snake Pit.
 10876 | Lair:2   | Noticed a moth of wrath
 10931 | Lair:2   | Found a transporter.
 10934 | Lair:2   | Noticed Bruhh's ghost (journeyman OgEE)
 10935 | Lair:2   | Noticed a moth of wrath
 10935 | Lair:2   | Noticed a spriggan rider
 10941 | Lair:2   | Found a transporter.
 10947 | Lair:2   | Found a bloodstained altar of Trog.
 11120 | Lair:2   | Lost mutation: Your tail ends in a wickedly sharp and
                  | venomous barb. [Jiyva's grace]
 11120 | Lair:2   | Lost mutation: Your gelatinous body deflects attacks. (AC
                  | +3, EV +3) [Jiyva's grace]
 11120 | Lair:2   | Lost mutation: Your translucent skin slightly reduces your
                  | foes' accuracy. (Stealth+) [Jiyva's grace]
 11120 | Lair:2   | Gained mutation: You passively map a small area around you.
                  | [Jiyva's grace]
 11120 | Lair:2   | Gained mutation: You passively map the area around you.
                  | [Jiyva's grace]
 11120 | Lair:2   | Gained mutation: You passively map a large area around you.
                  | [Jiyva's grace]
 11120 | Lair:2   | Gained mutation: You can exhale a cloud of poison. [Jiyva's
                  | grace]
 11128 | Lair:2   | Reached ****** piety under Jiyva
 11525 | Lair:3   | Reached skill level 5 in Conjurations
 11573 | Lair:3   | Noticed a death yak
 11573 | Lair:3   | Noticed a death yak
 11574 | Lair:3   | Noticed a death yak
 11574 | Lair:3   | Noticed a death yak
 11574 | Lair:3   | Noticed a death yak
 11574 | Lair:3   | Noticed a death yak
 11578 | Lair:3   | Killed a death yak
 11579 | Lair:3   | Reached skill level 10 in Transmutations
 11579 | Lair:3   | Reached XP level 12. HP: 116/116 MP: 22/22
 11585 | Lair:3   | Killed a death yak
 11587 | Lair:3   | Killed a death yak
 11591 | Lair:3   | Killed a death yak
 11592 | Lair:3   | Reached skill level 11 in Transmutations
 11593 | Lair:3   | Killed a death yak
 11597 | Lair:3   | Killed a death yak
 11617 | Lair:3   | Noticed a five-headed hydra
 11619 | Lair:3   | Noticed a seven-headed hydra
 11624 | Lair:3   | Killed a five-headed hydra
 11632 | Lair:3   | HP: 4/116 [seven-headed hydra (4)]
 11632 | Lair:3   | Slain by a seven-headed hydra

Illustrated notes

Levels and vault maps discovered:
D:1:      dpeg_arrival_long_road, layout_basic, ebering_ecumenical_altar_mist,
          minmay_ruptured
D:2:      minmay_chambers_of_twos, layout_basic, uniq_crazy_yiuf_cottage
D:3:      minmay_evil_eye, layout_basic, zin_academy,
          nicolae_sif_muna_condensation, overflow_temple_1_default,
          mainiacjoe_overflow_alcove_1, minmay_fountain_box
D:4:      layout_loops_ring, minmay_temple_entry_antechambers,
          nicolae_grassy_gnolls, uniq_ijyb
D:5:      layout_loops_ring, mainiacjoe_overflow_alcove_2,
          cheibrodos_sewer_entry_drain, nicolae_shop_firing_range, uniq_menkaure
D:6:      layout_cave_pools, nicolae_hepliaklqana_ecumenical_no_more,
          nicolae_elemental_shop
D:7:      layout_basic, mainiacjoe_overflow_surrounded_room,
          overflow_temple_1_default, general_overflow_altar, serial_shops, shop
D:8:      layout_rooms, mainiacjoe_overflow_six_doors_small, uniq_pikel
D:9:      layout_loops_ring, zombieorc2_lemuel, uniq_amaemon, uniq_grum
D:10:     layout_small_grid, mainiacjoe_overflow_concentric_impassable,
          david_lair_shrubbed
Temple:   pf_slimified_temple
Lair:1:   layout_long_grid, basic_altar
Lair:2:   layout_long_grid, dummy_snake_entry,
          gammafunk_ghost_wrathful_warriors, chequers_serial_rivers_large_b
Lair:3:   layout_hall_layers, serial_forest, infiniplex_forest_end_2,
          infiniplex_forest_3_way, infiniplex_forest_lined_3,
          infiniplex_forest_clump_large, infiniplex_forest_clump_long,
          infiniplex_forest_clump_medium, minivault_26,
          hangedman_lair_generics_rect, uniq_snorg

Skill      XL: |  1  2  3  4  5  6  7  8  9 10 11 12 |
---------------+-------------------------------------+-----
Fighting       | 2 3 5 6 8 10 | 10.0
Spellcasting   | 3 4 5 7 |  7.2
Transmutations | 3 4 7 10 11 | 11.9
Unarmed Combat | 4 5 7 9 10 | 10.0
Conjurations   | 5 |  5.0
Dodging        | |  1.5

Action                   |  1- 3 |  4- 6 |  7- 9 | 10-12 || total
-------------------------+-------+-------+-------+-------++-------
Melee: Unarmed           |   137 |   155 |   487 |   453 ||  1232
       Headbutt          |    23 |    21 |    36 |    14 ||    94
       Punch             |     1 |     6 |    23 |    29 ||    59
 Cast: Beastly Appendage |    25 |    29 |    39 |    10 ||   103
       Spider Form       |       |     1 |    11 |     6 ||    18
       Blade Hands       |       |       |       |    25 ||    25
       Wereblood         |       |       |       |     2 ||     2
Invok: Oozemancy         |       |       |       |     1 ||     1
 Abil: Spit Poison       |       |     9 |     1 |       ||    10
Evoke: Wand              |       |       |       |     5 ||     5
  Use: Potion            |     1 |       |     6 |     3 ||    10
       Scroll            |       |     7 |     5 |     4 ||    16
 Stab: Sleeping          |     1 |       |       |     1 ||     2
       Distracted        |       |     1 |       |       ||     1
Armor: Robe              |     8 |       |       |       ||     8
       Leather armour    |    20 |    76 |   191 |   220 ||   507
       Skin              |     9 |       |     7 |    30 ||    46
Dodge: Dodged            |    65 |   104 |   313 |   285 ||   767

Table legend: (Time is in decaauts)
 A = Elapsed time spent in this place.
 B = Non-inter-level travel time spent in this place.
 C = Inter-level travel time spent in this place.
 D = Time resting spent in this place.
 E = Time spent auto-exploring this place.
 F = Levels seen in this place.
 G = Mean time per level.
                   A        B        C        D        E       F      G
               +--------+--------+--------+--------+--------+-----+--------+
         Total |  14731 |  13882 |    849 |    356 |  10845 |  15 |  982.1 |
       Dungeon |  11677 |  10900 |    777 |    356 |   8363 |  10 | 1167.7 |
        Temple |     44 |     44 |      0 |      0 |      9 |   1 |   44.0 |
          Lair |   2116 |   2044 |     72 |      0 |   1735 |   3 |  705.3 |
         Sewer |    892 |    892 |      0 |      0 |    736 |   1 |  892.0 |
               +--------+--------+--------+--------+--------+-----+--------+

Top non-repeatable levels by time:
     D:1: 1989 daAuts
     D:2: 1486 daAuts
     D:9: 1376 daAuts
     D:3: 1340 daAuts
     D:4: 1222 daAuts
  Lair:2: 1037 daAuts
     D:7: 1037 daAuts
     D:5: 1022 daAuts
   Sewer: 892 daAuts
    D:10: 815 daAuts
  Lair:1: 811 daAuts
     D:8: 701 daAuts
     D:6: 686 daAuts
  Lair:3: 267 daAuts
  Temple: 44 daAuts
